 Dungeon Crawl Stone Soup version 0.31.0-12-g77e489cdc1 (webtiles) character file.

Game seed: 16047712409967411159

67 sking99 the Sneak (level 4, -1/24 HPs)
             Began as a Kobold Enchanter on Mar 2, 2024.
             Frozen to death by an endoplasm (3 damage)
             ... on level 3 of the Dungeon.
             The game lasted 00:03:03 (2682 turns).

sking99 the Sneak (Kobold Enchanter)                Turns: 2682, Time: 00:03:03

Health: -1/24      AC:  3    Str:  7    XL:     4   Next: 40%
Magic:  0/7        EV: 15    Int: 22    God:
Gold:   221        SH:  0    Dex: 15    Spells: 5/7 levels left

rFire   . . .        a - +1 dagger
rCold   . . .        (no shield)
rNeg    . . .        b - +0 robe
rPois   .            (no helmet)
rElec   .            f - +0 cloak
rCorr   .            (no gloves)
SInv    .            (no boots)
Will    .....        (no amulet)
Stlth   ++++         d - +6 ring of intelligence
HPRegen 0.24/turn    (no ring)
MPRegen 0.10/turn

%: no passive effects
@: very slightly contaminated, invisible
A: small, no large weapons, nightstalker 3
a: no special abilities


You were on level 3 of the Dungeon.
You visited 1 branch of the dungeon, and saw 3 of its levels.

You collected 221 gold pieces.

Inventory:

Hand Weapons
 a - a +1 dagger (weapon)
Armour
 b - a +0 robe (worn)
 f - a +0 cloak (worn)
Jewellery
 d - a +6 ring of intelligence (left hand)
Scrolls
 e - 3 scrolls of identify {unknown}
 g - a scroll of enchant weapon {unknown}
 i - a scroll of revelation {unknown}
 j - a scroll of blinking {unknown}
 l - a scroll of enchant armour {unknown}
Potions
 c - a potion of invisibility
 h - a potion of brilliance {unknown}
 k - 2 potions of curing {unknown}
 m - 2 potions of degeneration {unknown}
 n - a potion of attraction {unknown}


   Skills:
 * Level 3.7 Short Blades
 - Level 2.4 Dodging
 + Level 4.8 Stealth
 - Level 2.1 Spellcasting
 + Level 3.2 Hexes
 + Level 1.1 Ice Magic


You had 5 spell levels left.
You knew the following spells:

 Your Spells              Type           Power      Damage    Failure   Level
a - Ensorcelled Hibernat  Hex/Ice        24%        N/A       9%          2

Your spell library contained the following spells:

 Spells                   Type           Power      Damage    Failure   Level
 Confusing Touch          Hex            16%        N/A       11%         3
 Tukima's Dance           Hex            16%        N/A       11%         3
 Blink                    Tloc           4%         N/A       21%         2
 Lesser Beckoning         Tloc           4%         N/A       21%         2
 Momentum Strike          Conj/Tloc      4%         3d8       21%         2
 Dazzling Flash           Conj/Hex       18%        N/A       21%         3


Dungeon Overview and Level Annotations

Branches:
Dungeon (3/15)

Altars:


Innate Abilities, Weirdness & Mutations

You are small and have problems with some larger weapons.
You are completely attuned to the shadows.


Message History

The jackal closely misses you.
A rat comes into view.
The endoplasm misses you.
Casting: Ensorcelled Hibernation (safe; 9% risk of failure)
Confirm with . or Enter, or press ? or * to list all spells.
Aiming: Ensorcelled Hibernation (safe; 9% risk of failure)
Press: ? - help, Shift-Dir - straight line, f/p - jackal
Aim: a jackal (lightly wounded, chance to affect: 63%)
You miscast Ensorcelled Hibernation.
You are very lightly contaminated with residual magic.
Nothing appears to happen.
The rat squeaks loudly.
The jackal barely misses you.
The jackal bites you but does no damage.
The endoplasm freezes you.
You are frozen.
You hit the jackal but do no damage.
The jackal is lightly wounded.
The jackal closely misses you.
You hit the jackal but do no damage.
The jackal is lightly wounded.
The endoplasm freezes you.
You are frozen.
The jackal barely misses you.
You hit the jackal but do no damage.
The jackal is lightly wounded.
An orc comes into view. It is wielding a +0 falchion.
The jackal closely misses you. The endoplasm freezes you.
You are frozen.
* * * LOW HITPOINT WARNING * * *
Unknown command.
You fade into invisibility!
The jackal closely misses you. The endoplasm freezes you.
* * * LOW HITPOINT WARNING * * *
You strike the helpless jackal from behind!
You impale the jackal!!
You kill the jackal!
The endoplasm freezes you.
You die...

### #.#.# ..#
#.#.# ..# #.#
#.#.##..##
#.#####.#.##...#.
..........##.#
.##
#.####.......#
?.# #.#
#....##.##.# #.#
#....##...####o)
#.#
#....##†.#†@Jb#
..#
#....##..####.#
### #... .. ####.
.


You could see an orc (unable to see you), an endoplasm and a bat.

Vanquished Creatures
  2 adders (D:2)
  2 ribbon worms (D:2)
  A dart slug (D:2)
  5 bats
  3 endoplasms (D:2)
  A giant cockroach (D:1)
  9 goblins
  6 hobgoblins
  A jackal (D:3)
  3 kobolds
  2 ball pythons
  2 frilled lizards
  2 rats
39 creatures vanquished.

Notes
Turn   | Place    | Note
-------+----------+-------------------------------------------
     0 | D:1      | sking99 the Kobold Enchanter began the quest for the Orb.
     0 | D:1      | Reached XP level 1. HP: 10/10 MP: 3/3
   401 | D:1      | Reached XP level 2. HP: 15/15 MP: 5/5
   733 | D:1      | Learned a level 2 spell: Ensorcelled Hibernation
  1221 | D:2      | Reached XP level 3. HP: 19/19 MP: 3/6
  2083 | D:2      | Reached XP level 4. HP: 24/24 MP: 4/7
  2087 | D:2      | Reached skill level 1 in Ice Magic
  2681 | D:3      | HP: 1/24 [frozen (4)]
  2682 | D:3      | Frozen to death by an endoplasm

Illustrated notes

Levels and vault maps discovered:
D:1:      minmay_arrival_stone_box, layout_basic
D:2:      layout_basic
D:3:      layout_basic, minmay_pentomino_pile

Skill      XL: |  1  2  3  4 |
---------------+-------------+-----
Short Blades   | 2 3 |  3.7
Ice Magic      | 1 |  1.1
Dodging        | |  2.4
Stealth        | |  4.8
Spellcasting   | |  2.1
Hexes          | |  3.2

Action                     |  1- 3 |  4- 6 || total
---------------------------+-------+-------++-------
  Melee: Dagger            |    55 |    21 ||    76
   Cast: Ensorcelled Hiber |    13 |     9 ||    22
    Use: Potion            |       |     1 ||     1
   Stab: Sleeping          |    24 |     8 ||    32
         Invisible         |       |     1 ||     1
 Armour: Robe              |    21 |     9 ||    30
  Dodge: Dodged            |    43 |    25 ||    68
